 Dungeon Crawl Stone Soup version 0.21.1-1-g345015f (webtiles) character file.

53 tidbits the Grave Robber (level 3, -2/26 HPs)
             Began as a Gnoll Necromancer on June 29, 2018.
             Slain by a slave (4 damage)
             ... led by Pikel
             ... on level 5 of the Dungeon.
             The game lasted 00:03:13 (285 turns).

tidbits the Grave Robber (Gnoll Necromancer)         Turns: 285, Time: 00:03:14

Health: -2/26      AC:  2    Str: 10    XL:     3   Next: 89%
Magic:  0/9        EV: 15    Int: 18    God:
Gold:   16         SH:  0    Dex: 15    Spells: 4/12 levels left

rFire    . . .     SeeInvis .   f - +0 short sword
rCold    . . .     Gourm    .   (no shield)
rNeg     + . .     Faith    .   a - +0 robe
rPois    .         Spirit   .   (no helmet)
rElec    .         Reflect  .   (no cloak)
rCorr    .         Harm     .   (no gloves)
MR       .....                  (no boots)
Stlth    +++.......             (no amulet)
HPRegen  0.08/turn              l - ring of positive energy
MPRegen  0.11/turn              (no ring)

@: very slightly contaminated, hasted, very quick
A: distributed training, fangs 1, strong nose
a: no special abilities


You were on level 5 of the Dungeon.
You were not hungry.

You visited 1 branch of the dungeon, and saw 5 of its levels.

You collected 16 gold pieces.

Inventory:

Hand Weapons
 f - a +0 short sword (weapon)
Missiles
 j - a javelin (quivered)
Armour
 a - a +0 robe (worn)
Jewellery
 l - a ring of positive energy (left hand)
   (You found it on level 4 of the Dungeon)
Scrolls
 e - a scroll of magic mapping {unknown}
 h - a scroll of teleportation {unknown}
 i - a scroll of identify {unknown}
 k - a scroll of remove curse {unknown}
Books
 b - a book of Necromancy

   Spells                             Type                      Level
   a - Pain                           Necromancy                   1
   b - Animate Skeleton               Necromancy                   1
   c - Vampiric Draining              Necromancy                   3
   d - Regeneration                   Charms/Necromancy            3
   e - Animate Dead                   Necromancy                   4
   f - Borgnjor's Vile Clutch         Necromancy/Earth             5
Comestibles
 c - 2 rations


   Skills:
 + Level 1.0 Fighting
 + Level 1.0 Short Blades
 + Level 1.0 Long Blades
 + Level 1.0 Axes
 + Level 1.0 Maces & Flails
 + Level 1.0 Polearms
 + Level 1.0 Staves
 + Level 1.0 Slings
 + Level 1.0 Bows
 + Level 1.0 Crossbows
 + Level 1.0 Throwing
 + Level 1.0 Armour
 + Level 4.6 Dodging
 + Level 4.2 Stealth
 + Level 1.0 Shields
 + Level 1.0 Unarmed Combat
 + Level 5.0 Spellcasting
 + Level 0.7 Conjurations
 + Level 0.7 Hexes
 + Level 0.7 Charms
 + Level 0.7 Summonings
 + Level 7.1 Necromancy
 + Level 0.7 Translocations
 + Level 0.7 Transmutations
 + Level 0.7 Fire Magic
 + Level 0.7 Ice Magic
 + Level 0.7 Air Magic
 + Level 0.7 Earth Magic
 + Level 0.7 Poison Magic
 + Level 1.0 Invocations
 + Level 1.0 Evocations


You had 4 spell levels left.
You knew the following spells:

 Your Spells              Type           Power        Failure   Level  Hunger
a - Pain                  Necr           ####         1%          1    None
d - Vampiric Draining     Necr           ####......   1%          3    ##.....
n - Animate Skeleton      Necr           N/A          1%          1    None
r - Regeneration          Chrm/Necr      ###.......   8%          3    ##.....


Dungeon Overview and Level Annotations

Branches:
Dungeon (5/15)
 Temple: D:4-7

Altars:
Dithmenos
Elyvilon
Vehumet

Annotations:
D:5 Pikel


Innate Abilities, Weirdness & Mutations

Your experience applies equally to all skills.
You have very sharp teeth.
Your uncanny sense of smell can sniff out nearby items.


Message History

Your Maces & Flails skill increases to level 1!
Your Polearms skill increases to level 1!
Your Staves skill increases to level 1!
Your Slings skill increases to level 1!
Your Bows skill increases to level 1!
Your Crossbows skill increases to level 1!
Your Throwing skill increases to level 1!
Your Armour skill increases to level 1!
Your Shields skill increases to level 1!
Your Unarmed Combat skill increases to level 1!
Your Invocations skill increases to level 1!
Your Evocations skill increases to level 1!
* * * LOW HITPOINT WARNING * * *
You feel sick.
Unknown command.
It was a potion of curing.
You feel better.
A ball python comes into view.
There is an escape hatch in the floor here.
Unknown command.
The helpless ball python fails to defend itself.
You puncture the ball python!
You kill the ball python!
You swap places.
There is an escape hatch in the floor here.
You slide downwards.
The hatch slams shut behind you.
Your mindless thrall stays behind. 2 slaves and Pikel come into view.
Pikel is wielding a whip of freezing.
Pikel shouts!
The slave shouts!
You hear a shout! x2
Unknown command.
It was a potion of haste.
You feel yourself speed up. Pikel barely misses you. The slave hits you.
* * * LOW HITPOINT WARNING * * *
It was a potion of heal wounds.
You feel much better.
Unknown command.
Unknown command.
Casting: Pain
Confirm with . or Enter, or press ? or * to list all spells.
Aiming: Pain
Press: ? - help, Shift-Dir - straight line, f - Pikel
Aim: Pikel, wielding a whip of freezing and wearing a robe (chance to defeat MR: 84%) Pikel writhes in agony!
Pikel hits you with a whip of freezing. Pikel freezes you.
The slave barely misses you.
Casting: Pain
Confirm with . or Enter, or press ? or * to list all spells.
Aiming: Pain
Press: ? - help, Shift-Dir - straight line, f/p - Pikel
Aim: Pikel, wielding a whip of freezing and wearing a robe (lightly wounded, chance to defeat MR: 84%) Pikel writhes in agony!
You hear a shout!
The slave hits you.
* * * LOW HITPOINT WARNING * * *
Pikel barely misses you.
Casting: Pain
Confirm with . or Enter, or press ? or * to list all spells.
Aiming: Pain
Press: ? - help, Shift-Dir - straight line, f/p - Pikel
Aim: Pikel, wielding a whip of freezing and wearing a robe (moderately wounded, chance to defeat MR: 84%) Pikel writhes in agony!
Throwing (i - inventory):
j - 5 javelins (quivered)
Press: ? - help, Shift-Dir - straight line, f/p - Pikel
Aim: Pikel, wielding a whip of freezing and wearing a robe (moderately wounded)
You throw a javelin. The javelin hits Pikel.
Pikel is heavily wounded.
The slave closely misses you. Pikel barely misses you.
Throwing (i - inventory):
j - 4 javelins (quivered)
Press: ? - help, Shift-Dir - straight line, f - slave, p - Pikel
Aim: a slave, wearing an animal skin You throw a javelin.
The javelin misses Pikel.
The javelin closely misses the slave.
The slave hits you.
* * * LOW HITPOINT WARNING * * *
Pikel closely misses you.
Throwing (i - inventory):
j - 3 javelins (quivered)
Press: ? - help, Shift-Dir - straight line, f/p - slave
Aim: a slave, wearing an animal skin You throw a javelin.
The javelin hits Pikel.
Pikel is heavily wounded.
The slave completely misses you. Pikel closely misses you.
Throwing (i - inventory):
j - 2 javelins (quivered)
Press: ? - help, Shift-Dir - straight line, f/p - slave
Aim: a slave, wearing an animal skin You throw a javelin.
The javelin hits Pikel but does no damage.
Pikel is heavily wounded.
The slave hits you.
* * * LOW HITPOINT WARNING * * *
Pikel hits you with a whip of freezing.
* * * LOW HITPOINT WARNING * * *
Pikel freezes you.
* * * LOW HITPOINT WARNING * * *
You closely miss Pikel.
Pikel is heavily wounded.
Pikel hits you with a whip of freezing.
* * * LOW HITPOINT WARNING * * *
Pikel freezes you.
* * * LOW HITPOINT WARNING * * *
The slave barely misses you.
You hit Pikel.
Pikel is severely wounded.
The slave hits you.
You die... ∆ ## #p## #@# ##K# ∆ p# ## ∆

You could see Pikel and 2 slaves.

Vanquished Creatures
  A worker ant (D:4)
  2 adders (D:4)
  An ooze (D:4)
  2 jackals (D:4)
  A quokka (D:3)
  A ball python (D:4)
  2 frilled lizards
10 creatures vanquished.

Notes
Turn   | Place    | Note
-------+----------+-------------------------------------------
     0 | D:1      | tidbits the Gnoll Necromancer began the quest for the Orb.
     0 | D:1      | Reached XP level 1. HP: 13/13 MP: 6/6
     0 | D:1      | Noticed a jelly
    57 | D:3      | Found a shadowy altar of Dithmenos.
    58 | D:3      | Found a white marble altar of Elyvilon.
   111 | D:4      | Found a radiant altar of Vehumet.
   131 | D:4      | Reached XP level 2. HP: 18/20 MP: 4/7
   162 | D:4      | Reached skill level 5 in Spellcasting
   162 | D:4      | Reached XP level 3. HP: 16/25 MP: 1/9
   165 | D:4      | Learned a level 1 spell: Animate Skeleton
   171 | D:4      | Learned a level 3 spell: Vampiric Draining
   175 | D:4      | Learned a level 3 spell: Regeneration
   265 | D:4      | Reached skill level 1 in Fighting
   265 | D:4      | Reached skill level 1 in Short Blades
   265 | D:4      | Reached skill level 1 in Long Blades
   265 | D:4      | Reached skill level 1 in Axes
   265 | D:4      | Reached skill level 1 in Maces & Flails
   265 | D:4      | Reached skill level 1 in Polearms
   265 | D:4      | Reached skill level 1 in Staves
   265 | D:4      | Reached skill level 1 in Slings
   265 | D:4      | Reached skill level 1 in Bows
   265 | D:4      | Reached skill level 1 in Crossbows
   265 | D:4      | Reached skill level 1 in Throwing
   265 | D:4      | Reached skill level 1 in Armour
   265 | D:4      | Reached skill level 1 in Shields
   265 | D:4      | Reached skill level 1 in Unarmed Combat
   265 | D:4      | Reached skill level 1 in Invocations
   265 | D:4      | Reached skill level 1 in Evocations
   274 | D:5      | Entered Level 5 of the Dungeon
   274 | D:5      | Noticed Pikel
   274 | D:5      | Noticed a slave
   274 | D:5      | Noticed a slave
   284 | D:5      | HP: 2/26 [Pikel/whip of freezing (1)]
   285 | D:5      | Slain by a slave

Skill      XL: |  1  2  3 |
---------------+----------+-----
Spellcasting   | 5 |  5.0
Fighting       | 1 |  1.0
Short Blades   | 1 |  1.0
Long Blades    | 1 |  1.0
Axes           | 1 |  1.0
Maces & Flails | 1 |  1.0
Polearms       | 1 |  1.0
Staves         | 1 |  1.0
Slings         | 1 |  1.0
Bows           | 1 |  1.0
Crossbows      | 1 |  1.0
Throwing       | 1 |  1.0
Armour         | 1 |  1.0
Shields        | 1 |  1.0
Unarmed Combat | 1 |  1.0
Invocations    | 1 |  1.0
Evocations     | 1 |  1.0
Dodging        | |  4.6
Stealth        | |  4.2
Conjurations   | |  0.7
Hexes          | |  0.7
Charms         | |  0.7
Summonings     | |  0.7
Necromancy     | |  7.1
Translocations | |  0.7
Transmutations | |  0.7
Fire Magic     | |  0.7
Ice Magic      | |  0.7
Air Magic      | |  0.7
Earth Magic    | |  0.7
Poison Magic   | |  0.7

Action                   || total
-------------------------++-------
Melee: Short sword       ||     3
Throw: Javelin           ||    11
 Cast: Pain              ||    20
       Animate Skeleton  ||     1
  Use: Potion            ||     3
 Stab: Sleeping          ||     1
Dodge: Dodged            ||    21

Table legend:
 A = Turns spent in this place as a percentage of turns spent in the entire game.
 B = Non-inter-level travel turns spent in this place as a percentage of non-inter-level travel turns spent in the entire game.
 C = Inter-level travel turns spent in this place as a percentage of turns spent in this place.
 D = Turns resting spent in this place as a percentage of non-inter-level travel turns spent in this place.
 E = Turns spent auto-exploring this place as a percentage of non-inter-level travel turns spent in this place.
 F = Non-inter-level travel turns spent in this place divided by the number of levels of this place that you've seen.
                   A       B       C       D       E      F
               +-------+-------+-------+-------+-------+----------------------
         Total | 100.0 | 100.0 |   0.0 |   0.0 |   0.0 |  57.0
       Dungeon | 100.0 | 100.0 |   0.0 |   0.0 |   0.0 |  57.0
               +-------+-------+-------+-------+-------+----------------------

Table legend:
 A = Kills in this place as a percentage of kills in entire the game.
 B = Kills by you in this place as a percentage of kills by you in the entire game.
 C = Kills by friends in this place as a percentage of kills by friends in the entire game.
 D = Other kills in this place as a percentage of other kills in the entire game.
 E = Experience gained in this place as a percentage of experience gained in the entire game.
 F = Experience gained in this place divided by the number of levels of this place that you have seen.
                   A       B       C       D       E      F
               +-------+-------+-------+-------+-------+----------------------
         Total | 100.0 | 100.0 |   N/A |   N/A | 100.0 |  15.4
       Dungeon | 100.0 | 100.0 |   N/A |   N/A | 100.0 |  15.4
               +-------+-------+-------+-------+-------+----------------------

Vault maps used:
D:1:      dpeg_arrival_caged_fury, hangedman_decor_push
D:2:      lemuel_doored_altar, uniq_terence
D:3:      grunt_temple_overflow_order_and_chaos_1,
          gammafunk_temple_overflow_pools, fedhas_altar_1
D:4:      grunt_qazlal_sundering, vehumet_crystals,
          chequers_temple_overflow_statue_of_worship, enter_ossuary_2
D:5:      lemuel_zombie_altar_yredelemnul, first_ration, serial_shops,
          nicolae_shop_waterfront, minmay_ruined_shrine, uniq_pikel
